 Dungeon Crawl Stone Soup version 0.28.0-45-g0d030f2227 (webtiles) character file.

Game seed: 14356534837071421408

270 terff the Chopper (level 6, -1/53 HPs)
             Began as a Hill Orc Monk on Apr 3, 2022.
             Splashed by a jelly's acid (8 damage)
             ... on level 4 of the Dungeon.
             The game lasted 00:06:55 (3851 turns).

terff the Chopper (Hill Orc Monk)                   Turns: 3851, Time: 00:06:57

Health: -1/53      AC: -6    Str: 16    XL:     6   Next: 22%
Magic:  6/6        EV: 11    Int: 10    God:
Gold:   155        SH:  9    Dex: 13    Spells: 5/5 levels left

rFire   . . .      SeeInvis .   a - +1 hand axe
rCold   . . .      Faith    .   e - +0 buckler
rNeg    . . .      Spirit   .   h - +0 ring mail
rPois   .          Reflect  +   (no helmet)
rElec   .          Harm     .   (no cloak)
rCorr   .          Rampage  .   (no gloves)
Will    .....                   (no boots)
Stlth   ++........              c - amulet of reflection
HPRegen 0.17/turn               (no ring)
MPRegen 0.10/turn               (no ring)

@: corroded
A: no striking features
a: no special abilities


You were on level 4 of the Dungeon.
You visited 1 branch of the dungeon, and saw 4 of its levels.
You also visited: Sewer.

You collected 155 gold pieces.

Inventory:

Hand Weapons
 a - a +1 hand axe (weapon)
Armour
 b - a +0 robe
 e - a +0 buckler (worn)
 h - a +0 ring mail (worn)
Jewellery
 c - an amulet of reflection (around neck)
 g - a ring of resist corrosion
 j - a ring of flight
Wands
 i - a wand of paralysis (3)
Scrolls
 d - 3 scrolls of immolation
Potions
 f - a potion of brilliance
 k - a potion of curing
 l - 3 potions of flight
 m - a potion of heal wounds
 n - a potion of resistance {unknown}


   Skills:
 + Level 4.5 Fighting
 + Level 6.1 Axes
 + Level 1.0 Armour
 + Level 3.1 Dodging
 + Level 2.9 Stealth
 + Level 1.5 Shields
 + Level 0.2 Evocations


You had 5 spell levels left.
You didn't know any spells.
Your spell library contained the following spells:

 Spells                   Type           Power      Damage    Failure   Level
 Gell's Gravitas          Tloc           0%         N/A       96%         3
 Teleport Other           Tloc           0%         N/A       96%         3
 Dispersal                Tloc           0%         N/A       100%        6


Dungeon Overview and Level Annotations

Branches:
Dungeon (4/15)              Sewer (visited)
 Temple: D:4-7

Altars:
Ashenzari
Fedhas
Hepliaklqana
Kikubaaqudgha
Zin

Shops:
D:3 *


Message History

* * * LOW HITPOINT WARNING * * *
The acid corrodes you!
You are splashed with acid!
* * * LOW HITPOINT WARNING * * *
You feel sick.
You feel sick.
You are no longer poisoned.
You see here a dart slug corpse.
The jelly barely misses you.
There is a stone staircase leading up here.
You climb upwards.
There is a stone staircase leading down here.
You are no longer corroded.
HP restored.
Done exploring.
You climb downwards.
The jelly hits you but does no damage. x2
There is a stone staircase leading up here.
A goblin comes into view. It is wielding a +0 club.
The jelly closely misses you.
You hit the jelly. The acid corrodes you!
Your hands burn!
The jelly is moderately wounded.
The jelly hits you. The acid corrodes you!
You are splashed with acid!
You hit the jelly but do no damage. The acid corrodes you!
Your hands burn!
The jelly is moderately wounded.
The goblin shouts!
You hear a shout! x2
The jelly barely misses you.
You hear a shout!
You hit the jelly.
Your hands burn!
The jelly is heavily wounded.
The jelly hits you.
You are splashed with acid!
You hit the jelly but do no damage.
Your hands burn!
The jelly is heavily wounded.
The jelly hits you.
You are splashed with acid!
* * * LOW HITPOINT WARNING * * *
You hit the jelly but do no damage.
Your hands burn!
* * * LOW HITPOINT WARNING * * *
The jelly is heavily wounded.
The jelly hits you.
* * * LOW HITPOINT WARNING * * *
You are splashed with acid!
You die...

#### . #..## .. #...#
#... ######.#.#####
.... ##...#.......<#..#
##............@J.###
#................g....
#......รท....######...#
#...........# #..
##.........## .
#####...#>...#####
........####.....##
........# #####..#
........# ##.#


You could see a jelly and a goblin.

Vanquished Creatures
  2 kobold brigands (Sewer)
  An iguana (D:3)
  2 adders
  An adder skeleton (D:4)
  A worm (D:2)
  5 dart slugs
  4 ball pythons
  A bat (D:1)
  5 endoplasms
  7 giant cockroaches
  4 goblins
  6 hobgoblins
  7 quokkas
  6 frilled lizards
  10 kobolds
  6 rats
68 creatures vanquished.

Notes
Turn   | Place    | Note
-------+----------+-------------------------------------------
     0 | D:1      | terff the Hill Orc Monk began the quest for the Orb.
     0 | D:1      | Reached XP level 1. HP: 19/19 MP: 1/1
   188 | D:1      | HP: 1/20 [hobgoblin (4)]
   190 | D:1      | Reached XP level 2. HP: 1/27 MP: 2/2
  1171 | D:1      | Reached XP level 3. HP: 33/33 MP: 3/3
  1647 | D:2      | Found a faded altar of an unknown god.
  2016 | D:2      | Reached skill level 5 in Axes
  2041 | D:2      | You fall into a shaft and drop 1 floor!
  2041 | D:3      | Found a broken altar of Ashenzari.
  2089 | D:3      | Reached XP level 4. HP: 34/40 MP: 4/4
  2415 | D:3      | Found a glowing drain.
  2433 | Sewer    | Entered a sewer
  2564 | Sewer    | Noticed a kobold brigand
  2575 | Sewer    | Killed a kobold brigand
  2576 | Sewer    | Reached skill level 1 in Shields
  2576 | Sewer    | Reached XP level 5. HP: 47/47 MP: 5/5
  2577 | Sewer    | Noticed a kobold brigand
  2592 | Sewer    | Killed a kobold brigand
  2593 | Sewer    | Reached skill level 6 in Axes
  2593 | Sewer    | Reached skill level 1 in Armour
  2593 | Sewer    | Reached XP level 6. HP: 50/53 MP: 6/6
  2623 | Sewer    | Found a white marble altar of Elyvilon.
  2706 | D:3      | Found Zin's Purification Station.
  2715 | D:3      | Found a glowing silver altar of Zin.
  2734 | D:3      | Found a blossoming altar of Fedhas.
  3102 | D:3      | Found an ancient bone altar of Kikubaaqudgha.
  3215 | D:3      | Found a hazy altar of Hepliaklqana.
  3851 | D:4      | Splashed by a jelly's acid

Illustrated notes

Levels and vault maps discovered:
D:1:      minmay_arrival_split_and_join, layout_basic, hangedman_decor_lopped
D:2:      layout_basic, hellmonk_ecumenical_altar_run_dry
D:3:      layout_basic, zin_purify, mainiacjoe_overflow_alcove_4,
          mainiacjoe_overflow_catwalk, nicolae_ashenzari_panopticon,
          fedhas_ov_isle_minmay, portal_sewer_entry_f
D:4:      layout_rooms, mainiacjoe_overflow_24_doors, kennysheep_mini_moat,
          uniq_robin

Skill      XL: |  1  2  3  4  5 |
---------------+----------------+-----
Fighting       | 4 |  4.5
Axes           | 5 6 |  6.1
Dodging        | 3 |  3.1
Stealth        | 2 |  2.9
Shields        | 1 |  1.5
Armour         | 1 |  1.0
Evocations     | |  0.2

Action                   |  1- 3 |  4- 6 || total
-------------------------+-------+-------++-------
Melee: Hand axe          |   103 |   131 ||   234
       Punch             |     1 |       ||     1
Evoke: Wand              |       |     3 ||     3
  Use: Scroll            |     2 |     2 ||     4
 Stab: Sleeping          |     2 |       ||     2
       Paralysed         |       |    12 ||    12
Armor: Robe              |    24 |       ||    24
       Ring mail         |       |    24 ||    24
Dodge: Dodged            |    61 |    56 ||   117
Block: Buckler           |    13 |    42 ||    55
       Reflection        |       |     1 ||     1
